[ AOE2 MATCH · #462055542 ]
Team RMTupi vs Slavs
[ REPLAY ANALYSIS · EXTRACTED FROM THE RECORDED GAME ]
Feudal
13:32
Castle
21:14
Imperial
—
| APM avg | 26.0 |
| APM peak | 57 |
| eAPM avg | 15.5 |
| Villagers / military | 106 / 27 |
Focus
⚔️ 32.0% · 🌾 68.0%
Unknown (2550) ×87 · Unknown (2579) ×38 · Spearman ×27
Feudal
12:37
Castle
15:21
Imperial
28:12
| APM avg | 18.8 |
| APM peak | 32 |
| eAPM avg | 12.1 |
| Villagers / military | 195 / 72 |
Focus
⚔️ 16.3% · 🌾 83.7%
Battle Elephant ×65 · Ballista Elephant ×7
Feudal
10:34
Castle
13:24
Imperial
29:05
| APM avg | 43.2 |
| APM peak | 87 |
| eAPM avg | 28.5 |
| Villagers / military | 156 / 124 |
Focus
⚔️ 23.9% · 🌾 76.1%
Battle Elephant ×111 · Trebuchet (Packed) ×11 · Monk ×2
Feudal
11:37
Castle
14:48
Imperial
—
| APM avg | 25.4 |
| APM peak | 64 |
| eAPM avg | 15.0 |
| Villagers / military | 165 / 35 |
Focus
⚔️ 18.4% · 🌾 81.6%
Camel Scout ×22 · Militia ×12 · Scout Cavalry ×1
Feudal
10:11
Castle
16:02
Imperial
33:29
| APM avg | 28.0 |
| APM peak | 65 |
| eAPM avg | 16.3 |
| Villagers / military | 134 / 58 |
Focus
⚔️ 26.9% · 🌾 73.1%
Kipchak ×43 · Battering Ram ×11 · Trebuchet (Packed) ×3 · Mangonel ×1
Feudal
10:07
Castle
19:57
Imperial
34:19
| APM avg | 30.1 |
| APM peak | 89 |
| eAPM avg | 15.6 |
| Villagers / military | 109 / 57 |
Focus
⚔️ 17.8% · 🌾 82.2%
Spearman ×27 · Militia ×19 · Boyar ×5 · Mangonel ×2 · Monk ×2 · Battering Ram ×1
Match map
Initial resources + every placement click. Lines = walls · curves = elevation contours. ◆ gold · ⬟ stone · ● berries · ✦ relic · ◌ wall gap
Your base· ✓ Closed at 21:14 · 0t walls · 3 gate(s)
Barça's base· ✓ Closed at 15:21 · 0t walls · 2 gate(s)
TinFit's base· ✓ Closed at 13:24 · 0t walls · 2 gate(s)
maximefufer's base· ✓ Closed at 14:48 · 0t walls · 2 gate(s)
anibalcastillo650s's base· ✓ Closed at 16:02 · 0t walls · 2 gate(s)
1979Old-Wang's base· ✓ Closed at 19:57 · 0t walls · 3 gate(s)
Smoothed initial terrain · ◌ = detected wall gap · hover for details
Inputs per minute
— LifeIsAFxckingMovie人生如戲呀佢同我講吊你老母 - - Barça
Build order — LifeIsAFxckingMovie人生如戲呀佢同我講吊你老母
First 150 of 312 actions detected
| 0:01 | Create | Villager (Male) ×4 |
| 0:01 | Create | Villager (Male) ×4 |
| 0:03 | Build | House |
| 0:05 | Build | House |
| 1:24 | Build | Settlement |
| 1:41 | Create | Villager (Male) |
| 1:41 | Create | Villager (Male) |
| 2:06 | Create | Villager (Male) |
| 2:56 | Create | Villager (Male) |
| 2:56 | Create | Villager (Male) |
| 3:25 | Create | Villager (Male) |
| 3:25 | Create | Villager (Male) |
| 3:41 | Create | Villager (Male) |
| 3:57 | Build | Settlement |
| 4:06 | Create | Villager (Male) |
| 4:38 | Create | Villager (Male) |
| 4:38 | Create | Villager (Male) |
| 5:02 | Build | House |
| 5:17 | Create | Villager (Male) |
| 5:17 | Create | Villager (Male) |
| 6:01 | Create | Villager (Male) |
| 6:17 | Create | Villager (Male) |
| 6:30 | Create | Villager (Male) |
| 6:55 | Build | House |
| 6:56 | Build | House |
| 7:03 | Create | Villager (Male) |
| 7:44 | Create | Villager (Male) |
| 7:46 | Create | Villager (Male) |
| 7:57 | Build | House |
| 8:00 | Build | Barracks |
| 8:16 | Build | Settlement |
| 8:28 | Create | Villager (Male) |
| 8:28 | Create | Villager (Male) |
| 8:29 | Create | Villager (Male) |
| 9:06 | Create | Villager (Male) |
| 9:24 | Create | Villager (Male) |
| 9:25 | Create | Villager (Male) |
| 10:17 | Create | Villager (Male) |
| 10:46 | Build | Barracks |
| 10:53 | Build | House |
| 10:57 | Create | Villager (Male) |
| 11:19 | Research | Feudal Age |
| 11:38 | Create | Unit 2550 |
| 12:16 | Create | Unit 2550 |
| 12:17 | Create | Unit 2550 |
| 12:40 | Create | Unit 2550 |
| 12:40 | Create | Unit 2550 |
| 13:09 | Create | Villager (Male) |
| 13:32 | Age | Feudal Age |
| 13:36 | Create | Villager (Male) |
| 13:43 | Build | Blacksmith |
| 13:46 | Build | Archery Range |
| 13:48 | Create | Villager (Male) |
| 13:50 | Research | Horse Collar |
| 13:51 | Research | Double-Bit Axe |
| 14:14 | Create | Villager (Male) |
| 15:07 | Create | Villager (Male) |
| 15:08 | Create | Villager (Male) |
| 15:12 | Build | Farm |
| 15:14 | Build | Farm |
| 15:14 | Build | Farm |
| 15:15 | Build | Farm |
| 15:16 | Build | Farm |
| 15:17 | Build | Farm |
| 15:20 | Build | Farm |
| 15:21 | Build | Farm |
| 15:26 | Build | House |
| 15:27 | Build | House |
| 15:33 | Build | Farm |
| 15:35 | Build | Farm |
| 15:36 | Build | Farm |
| 15:38 | Build | Farm |
| 15:39 | Build | Farm |
| 15:41 | Build | Farm |
| 15:43 | Build | Farm |
| 15:46 | Create | Villager (Male) |
| 15:46 | Research | Loom |
| 15:55 | Build | Outpost |
| 15:59 | Build | Outpost |
| 16:20 | Create | Villager (Male) |
| 16:24 | Build | House |
| 16:25 | Build | House |
| 16:34 | Build | Farm |
| 17:09 | Build | Outpost |
| 17:14 | Build | Outpost |
| 17:18 | Create | Villager (Male) |
| 17:30 | Build | House |
| 17:32 | Build | House |
| 17:43 | Build | Outpost |
| 17:47 | Create | Villager (Male) |
| 17:51 | Build | Farm |
| 18:17 | Build | Outpost |
| 18:26 | Build | Farm |
| 18:34 | Research | Castle Age |
| 18:37 | Build | House |
| 18:39 | Build | Market |
| 18:57 | Research | Tech 1402 |
| 18:58 | Create | Unit 2550 |
| 19:22 | Build | Outpost |
| 19:25 | Build | Outpost |
| 19:37 | Create | Unit 2550 |
| 19:37 | Create | Unit 2550 |
| 19:49 | Create | Unit 2550 |
| 19:50 | Create | Unit 2550 |
| 20:02 | Create | Villager (Male) |
| 20:02 | Create | Villager (Male) |
| 20:07 | Create | Unit 2550 |
| 20:08 | Create | Unit 2550 |
| 20:11 | Build | Barracks |
| 20:50 | Create | Unit 2550 |
| 20:50 | Create | Unit 2550 |
| 20:53 | Build | House |
| 20:56 | Build | House |
| 20:57 | Build | House |
| 21:14 | Age | Castle Age |
| 21:14 | Build | Castle |
| 21:28 | Research | Tech 1351 |
| 21:31 | Research | Scale Mail Armor |
| 21:50 | Create | Villager (Male) |
| 21:52 | Build | Farm |
| 22:05 | Build | Town Center |
| 22:15 | Create | Villager (Male) |
| 22:19 | Create | Villager (Male) |
| 22:33 | Research | Squires |
| 22:35 | Research | Arson |
| 22:36 | Create | Unit 2550 |
| 22:38 | Research | Forging |
| 22:42 | Build | House |
| 22:44 | Build | House |
| 22:45 | Build | House |
| 22:48 | Create | Villager (Male) |
| 23:06 | Create | Unit 2550 |
| 23:06 | Create | Unit 2550 |
| 23:29 | Research | Chain Mail Armor |
| 23:33 | Build | Outpost |
| 23:54 | Build | Outpost |
| 24:04 | Create | Villager (Male) |
| 24:05 | Create | Villager (Male) |
| 24:06 | Create | Unit 2550 |
| 24:07 | Create | Unit 2550 |
| 24:07 | Create | Unit 2550 |
| 24:07 | Create | Unit 2550 |
| 24:09 | Research | Iron Casting |
| 24:50 | Create | Villager (Male) |
| 24:51 | Create | Unit 2550 |
| 24:51 | Create | Unit 2550 |
| 24:52 | Create | Unit 2550 |
| 24:53 | Create | Villager (Male) |
| 24:53 | Create | Villager (Male) |
| 24:57 | Build | Farm |
Build order — Barça
First 150 of 282 actions detected
| 0:01 | Create | Villager (Male) |
| 0:02 | Research | Loom |
| 0:03 | Create | Villager (Male) |
| 0:03 | Create | Villager (Male) |
| 0:03 | Create | Villager (Male) |
| 0:04 | Create | Villager (Male) |
| 0:09 | Build | House |
| 0:49 | Build | House |
| 0:52 | Build | House |
| 0:54 | Build | House |
| 1:25 | Create | Villager (Male) |
| 2:28 | Create | Villager (Male) |
| 2:28 | Create | Villager (Male) |
| 2:49 | Create | Villager (Male) |
| 2:49 | Create | Villager (Male) |
| 3:11 | Create | Villager (Male) |
| 3:11 | Create | Villager (Male) |
| 3:37 | Create | Villager (Male) |
| 3:37 | Create | Villager (Male) |
| 3:38 | Create | Villager (Male) |
| 3:56 | Build | Lumber Camp |
| 4:07 | Create | Villager (Male) |
| 4:07 | Create | Villager (Male) |
| 4:40 | Create | Villager (Male) |
| 4:41 | Create | Villager (Male) |
| 4:41 | Create | Villager (Male) |
| 5:20 | Create | Villager (Male) |
| 5:20 | Create | Villager (Male) |
| 6:25 | Create | Villager (Male) |
| 6:26 | Create | Villager (Male) |
| 7:00 | Build | Mill |
| 7:20 | Create | Villager (Male) |
| 7:21 | Create | Villager (Male) |
| 8:00 | Build | House |
| 8:07 | Create | Villager (Male) |
| 8:08 | Create | Villager (Male) |
| 8:27 | Build | Mill |
| 8:57 | Create | Villager (Male) |
| 8:57 | Create | Villager (Male) |
| 9:01 | Create | Villager (Male) |
| 9:42 | Build | Mining Camp |
| 9:53 | Research | Feudal Age |
| 10:01 | Build | Farm |
| 11:01 | Build | Farm |
| 11:02 | Build | Farm |
| 11:04 | Build | Farm |
| 11:19 | Build | Farm |
| 11:58 | Build | Farm |
| 12:00 | Build | Farm |
| 12:01 | Build | Farm |
| 12:02 | Build | Farm |
| 12:37 | Age | Feudal Age |
| 12:41 | Research | Castle Age |
| 13:01 | Build | House |
| 13:04 | Research | Double-Bit Axe |
| 13:08 | Research | Horse Collar |
| 14:13 | Research | Wheelbarrow |
| 15:21 | Age | Castle Age |
| 15:28 | Build | Town Center |
| 15:42 | Build | Town Center |
| 15:48 | Research | Heavy Plow |
| 16:00 | Research | Bow Saw |
| 16:28 | Create | Villager (Male) |
| 16:40 | Build | House |
| 16:54 | Build | Farm |
| 16:55 | Build | Farm |
| 17:04 | Create | Villager (Male) ×3 |
| 17:05 | Create | Villager (Male) ×3 |
| 17:17 | Create | Villager (Male) |
| 17:18 | Create | Villager (Male) |
| 17:26 | Build | Farm |
| 17:29 | Build | Farm |
| 17:31 | Build | Farm |
| 17:33 | Build | Farm |
| 17:39 | Create | Villager (Male) |
| 17:39 | Create | Villager (Male) |
| 17:40 | Create | Villager (Male) |
| 17:40 | Create | Villager (Male) |
| 17:56 | Build | Farm |
| 17:57 | Build | Farm |
| 18:02 | Create | Villager (Male) |
| 18:02 | Create | Villager (Male) |
| 18:11 | Build | House |
| 18:12 | Build | House |
| 18:13 | Build | House |
| 18:14 | Build | House |
| 18:20 | Create | Villager (Male) ×2 |
| 18:20 | Create | Villager (Male) ×2 |
| 18:26 | Create | Villager (Male) |
| 18:26 | Create | Villager (Male) |
| 18:27 | Create | Villager (Male) |
| 18:39 | Create | Villager (Male) |
| 18:39 | Create | Villager (Male) |
| 18:42 | Create | Villager (Male) |
| 18:42 | Create | Villager (Male) |
| 18:57 | Build | Farm |
| 19:00 | Build | Farm |
| 19:01 | Build | Farm |
| 19:02 | Build | Farm |
| 19:06 | Create | Villager (Male) ×3 |
| 19:07 | Create | Villager (Male) ×3 |
| 19:23 | Create | Villager (Male) ×2 |
| 19:23 | Create | Villager (Male) ×2 |
| 19:29 | Build | Farm |
| 19:32 | Build | Farm |
| 19:33 | Build | Farm |
| 19:35 | Build | Farm |
| 19:42 | Create | Villager (Male) ×4 |
| 19:42 | Create | Villager (Male) ×4 |
| 19:42 | Create | Villager (Male) ×4 |
| 19:51 | Create | Villager (Male) ×2 |
| 19:51 | Create | Villager (Male) ×2 |
| 19:59 | Build | Farm |
| 20:03 | Build | Farm |
| 20:07 | Create | Villager (Male) ×3 |
| 20:07 | Create | Villager (Male) ×3 |
| 20:31 | Build | House |
| 20:32 | Build | House |
| 20:34 | Build | House |
| 20:41 | Create | Villager (Male) ×5 |
| 20:58 | Build | Town Center |
| 21:09 | Build | Farm |
| 21:10 | Build | Farm |
| 21:11 | Build | Farm |
| 21:16 | Create | Villager (Male) ×5 |
| 21:23 | Build | House |
| 21:25 | Build | House |
| 21:34 | Build | House |
| 21:40 | Create | Villager (Male) ×5 |
| 22:14 | Research | Hand Cart |
| 22:33 | Create | Villager (Male) ×5 |
| 22:33 | Create | Villager (Male) ×5 |
| 22:42 | Build | House |
| 23:23 | Build | Farm |
| 23:24 | Build | Farm |
| 24:12 | Create | Villager (Male) ×5 |
| 24:12 | Create | Villager (Male) ×5 |
| 24:23 | Build | Stable |
| 24:25 | Build | Stable |
| 24:51 | Build | House |
| 24:51 | Build | House |
| 24:53 | Build | House |
| 24:54 | Build | House |
| 24:56 | Build | House |
| 25:01 | Research | Imperial Age |
| 25:06 | Create | Villager (Male) |
| 25:06 | Create | Villager (Male) |
| 25:11 | Research | Husbandry |
| 25:20 | Create | Villager (Male) ×2 |
| 25:47 | Research | Gold Mining |
Build order — TinFit
First 150 of 516 actions detected
| 0:00 | Create | Villager (Male) |
| 0:01 | Create | Villager (Male) |
| 0:01 | Create | Villager (Male) |
| 0:02 | Build | House |
| 0:04 | Build | House |
| 0:22 | Create | Villager (Male) |
| 1:25 | Create | Villager (Male) |
| 1:25 | Create | Villager (Male) |
| 1:50 | Build | Lumber Camp |
| 2:01 | Create | Villager (Male) |
| 2:01 | Create | Villager (Male) |
| 2:21 | Create | Villager (Male) |
| 2:52 | Create | Villager (Male) |
| 3:03 | Create | Villager (Male) |
| 3:03 | Create | Villager (Male) |
| 3:40 | Create | Villager (Male) |
| 3:40 | Create | Villager (Male) |
| 3:49 | Build | House |
| 3:51 | Build | House |
| 4:08 | Create | Villager (Male) |
| 4:08 | Create | Villager (Male) |
| 4:08 | Create | Villager (Male) |
| 4:30 | Build | Mill |
| 5:04 | Create | Villager (Male) |
| 5:04 | Create | Villager (Male) |
| 5:04 | Create | Villager (Male) |
| 5:29 | Create | Villager (Male) |
| 5:29 | Create | Villager (Male) |
| 5:38 | Create | Villager (Male) |
| 5:38 | Create | Villager (Male) |
| 6:21 | Create | Villager (Male) |
| 6:21 | Create | Villager (Male) |
| 6:23 | Build | Mill |
| 6:51 | Create | Villager (Male) |
| 6:54 | Create | Villager (Male) |
| 7:04 | Create | Villager (Male) |
| 7:27 | Build | Mining Camp |
| 8:13 | Research | Feudal Age |
| 9:37 | Build | Farm |
| 9:39 | Build | Farm |
| 10:10 | Build | Mining Camp |
| 10:34 | Age | Feudal Age |
| 10:44 | Research | Castle Age |
| 10:44 | Research | Castle Age |
| 10:49 | Build | Farm |
| 11:28 | Build | Farm |
| 11:32 | Build | Farm |
| 11:47 | Build | House |
| 11:48 | Build | House |
| 11:52 | Build | House |
| 11:53 | Build | House |
| 12:06 | Build | Farm |
| 12:22 | Research | Double-Bit Axe |
| 12:22 | Research | Double-Bit Axe |
| 12:46 | Create | Villager (Male) |
| 12:50 | Research | Horse Collar |
| 12:56 | Create | Villager (Male) |
| 13:24 | Age | Castle Age |
| 13:40 | Build | Town Center |
| 13:53 | Create | Villager (Male) |
| 13:53 | Create | Villager (Male) |
| 13:59 | Research | Bow Saw |
| 13:59 | Research | Bow Saw |
| 14:01 | Create | Villager (Male) |
| 14:39 | Create | Villager (Male) |
| 14:40 | Create | Villager (Male) |
| 15:04 | Create | Villager (Male) |
| 15:04 | Create | Villager (Male) |
| 15:22 | Build | Town Center |
| 15:24 | Create | Villager (Male) |
| 15:25 | Create | Villager (Male) |
| 15:31 | Create | Villager (Male) |
| 15:35 | Research | Horse Collar |
| 15:36 | Research | Horse Collar |
| 15:38 | Create | Villager (Male) |
| 15:42 | Build | Farm |
| 15:47 | Create | Villager (Male) |
| 16:00 | Build | Farm |
| 16:16 | Create | Villager (Male) |
| 16:20 | Build | Farm |
| 16:26 | Build | Farm |
| 16:31 | Build | Farm |
| 16:40 | Build | Farm |
| 16:40 | Create | Villager (Male) |
| 16:50 | Create | Villager (Male) |
| 16:50 | Create | Villager (Male) |
| 16:53 | Build | House |
| 16:56 | Build | House |
| 16:57 | Build | House |
| 16:58 | Build | House |
| 17:00 | Build | House |
| 17:01 | Create | Villager (Male) |
| 17:05 | Research | Loom |
| 17:05 | Research | Loom |
| 17:06 | Create | Villager (Male) |
| 17:13 | Build | Farm |
| 17:14 | Create | Villager (Male) |
| 17:24 | Build | Farm |
| 17:25 | Create | Villager (Male) |
| 17:25 | Create | Villager (Male) |
| 17:27 | Build | Farm |
| 17:30 | Build | Farm |
| 17:31 | Create | Villager (Male) |
| 17:47 | Create | Villager (Male) |
| 17:49 | Build | Monastery |
| 17:53 | Create | Villager (Male) |
| 18:01 | Build | Farm |
| 18:02 | Create | Villager (Male) |
| 18:03 | Create | Villager (Male) |
| 18:10 | Create | Villager (Male) |
| 18:13 | Build | Farm |
| 18:21 | Create | Villager (Male) |
| 18:26 | Build | Farm |
| 18:29 | Build | Farm |
| 18:34 | Build | Farm |
| 18:39 | Create | Villager (Male) |
| 18:45 | Build | Farm |
| 18:46 | Create | Villager (Male) |
| 19:02 | Create | Villager (Male) |
| 19:10 | Create | Villager (Male) |
| 19:18 | Create | Villager (Male) |
| 19:27 | Create | Monk |
| 19:29 | Create | Villager (Male) |
| 19:31 | Build | Farm |
| 19:38 | Create | Villager (Male) |
| 19:40 | Research | Heavy Plow |
| 19:40 | Research | Heavy Plow |
| 19:46 | Create | Villager (Male) |
| 19:50 | Build | Town Center |
| 19:51 | Create | Villager (Male) |
| 19:52 | Create | Villager (Male) |
| 19:57 | Create | Villager (Male) |
| 20:04 | Build | Farm |
| 20:05 | Build | Farm |
| 20:07 | Build | Farm |
| 20:08 | Build | Farm |
| 20:09 | Build | Farm |
| 20:15 | Build | Farm |
| 20:17 | Build | Farm |
| 20:18 | Create | Villager (Male) |
| 20:21 | Build | Farm |
| 20:24 | Build | Farm |
| 20:25 | Create | Villager (Male) |
| 20:26 | Create | Villager (Male) |
| 20:26 | Create | Villager (Male) |
| 20:35 | Create | Villager (Male) |
| 20:38 | Build | Farm |
| 20:39 | Create | Villager (Male) |
| 20:42 | Create | Villager (Male) |
| 20:50 | Build | Farm |
Build order — maximefufer
First 150 of 343 actions detected
| 0:01 | Create | Villager (Male) |
| 0:02 | Create | Villager (Male) |
| 0:02 | Create | Villager (Male) |
| 0:02 | Create | Villager (Male) |
| 0:04 | Build | House |
| 0:06 | Build | House |
| 0:14 | Create | Villager (Male) |
| 0:14 | Create | Villager (Male) |
| 1:28 | Create | Villager (Male) |
| 1:28 | Create | Villager (Male) |
| 1:47 | Build | Lumber Camp |
| 2:05 | Create | Villager (Male) |
| 2:06 | Create | Villager (Male) |
| 2:21 | Create | Villager (Male) |
| 2:50 | Create | Villager (Male) |
| 2:51 | Create | Villager (Male) |
| 3:10 | Create | Villager (Male) |
| 3:11 | Create | Villager (Male) |
| 3:39 | Build | House |
| 3:40 | Build | House |
| 3:42 | Build | House |
| 3:47 | Create | Villager (Male) |
| 3:48 | Create | Villager (Male) |
| 4:10 | Build | Mill |
| 4:17 | Create | Villager (Male) |
| 4:18 | Create | Villager (Male) |
| 4:18 | Create | Villager (Male) |
| 5:05 | Create | Villager (Male) |
| 5:06 | Create | Villager (Male) |
| 5:06 | Create | Villager (Male) |
| 5:42 | Build | Mining Camp |
| 5:44 | Create | Villager (Male) |
| 5:46 | Create | Villager (Male) |
| 5:46 | Create | Villager (Male) |
| 5:47 | Create | Villager (Male) |
| 6:25 | Build | Mill |
| 6:52 | Create | Villager (Male) |
| 6:53 | Create | Villager (Male) |
| 6:53 | Create | Villager (Male) |
| 6:53 | Create | Villager (Male) |
| 6:54 | Create | Villager (Male) |
| 7:27 | Build | Mill |
| 8:09 | Create | Villager (Male) |
| 9:21 | Research | Feudal Age |
| 10:43 | Create | Villager (Male) |
| 10:43 | Create | Villager (Male) |
| 11:19 | Build | Mill |
| 11:37 | Age | Feudal Age |
| 11:40 | Build | Market |
| 11:43 | Build | Blacksmith |
| 12:23 | Research | Castle Age |
| 12:26 | Research | Double-Bit Axe |
| 13:05 | Research | Horse Collar |
| 13:23 | Build | House |
| 13:50 | Build | House |
| 13:51 | Build | House |
| 14:34 | Create | Villager (Male) |
| 14:35 | Create | Villager (Male) |
| 14:48 | Age | Castle Age |
| 14:59 | Create | Villager (Male) |
| 15:00 | Create | Villager (Male) |
| 15:03 | Research | Bow Saw |
| 15:06 | Build | Town Center |
| 15:21 | Build | House |
| 15:22 | Build | House |
| 15:54 | Create | Villager (Male) |
| 16:11 | Create | Villager (Male) |
| 16:21 | Research | Heavy Plow |
| 16:32 | Build | House |
| 16:34 | Build | House |
| 16:35 | Create | Villager (Male) |
| 16:35 | Create | Villager (Male) |
| 16:36 | Create | Villager (Male) |
| 16:41 | Build | Town Center |
| 16:50 | Research | Loom |
| 17:05 | Create | Villager (Male) |
| 17:05 | Create | Villager (Male) |
| 17:05 | Create | Villager (Male) |
| 17:21 | Create | Villager (Male) |
| 17:22 | Create | Villager (Male) |
| 17:31 | Research | Heavy Plow |
| 17:33 | Create | Villager (Male) |
| 17:34 | Create | Villager (Male) |
| 17:46 | Build | Farm |
| 18:15 | Create | Villager (Male) |
| 18:15 | Create | Villager (Male) |
| 18:17 | Build | House |
| 18:23 | Create | Villager (Male) |
| 18:24 | Create | Villager (Male) |
| 18:26 | Build | Farm |
| 18:27 | Build | Farm |
| 18:28 | Build | Farm |
| 18:29 | Build | Farm |
| 18:48 | Build | Farm |
| 18:49 | Build | Farm |
| 18:50 | Build | Farm |
| 18:50 | Build | Farm |
| 18:51 | Build | Farm |
| 18:52 | Build | Farm |
| 19:05 | Build | Farm |
| 19:18 | Build | House |
| 19:22 | Build | Farm |
| 19:25 | Build | Farm |
| 19:27 | Build | Farm |
| 19:28 | Build | Farm |
| 19:33 | Build | Farm |
| 19:34 | Create | Villager (Male) |
| 19:34 | Create | Villager (Male) |
| 19:51 | Build | Farm |
| 19:52 | Build | Farm |
| 19:58 | Build | Farm |
| 19:59 | Create | Villager (Male) |
| 20:03 | Build | Farm |
| 20:05 | Build | Farm |
| 20:06 | Create | Villager (Male) |
| 20:07 | Create | Villager (Male) |
| 20:14 | Create | Villager (Male) |
| 20:18 | Build | Farm |
| 20:23 | Build | Farm |
| 20:31 | Build | House |
| 20:32 | Build | House |
| 20:33 | Create | Villager (Male) |
| 20:34 | Create | Villager (Male) |
| 20:42 | Build | Farm |
| 20:43 | Build | Farm |
| 20:44 | Create | Villager (Male) |
| 20:45 | Create | Villager (Male) |
| 20:51 | Create | Villager (Male) |
| 20:57 | Build | Farm |
| 20:59 | Build | Farm |
| 21:18 | Create | Villager (Male) |
| 21:19 | Create | Villager (Male) |
| 21:19 | Create | Villager (Male) |
| 21:19 | Create | Villager (Male) |
| 21:21 | Create | Villager (Male) |
| 21:21 | Create | Villager (Male) |
| 21:25 | Build | Farm |
| 21:28 | Build | Farm |
| 21:29 | Build | Farm |
| 21:30 | Build | Farm |
| 21:31 | Build | Farm |
| 21:38 | Create | Villager (Male) |
| 21:38 | Create | Villager (Male) |
| 21:38 | Create | Villager (Male) |
| 21:42 | Build | House |
| 21:55 | Build | Farm |
| 21:57 | Create | Villager (Male) |
| 21:57 | Create | Villager (Male) |
| 22:04 | Research | Wheelbarrow |
| 22:04 | Research | Wheelbarrow |
Build order — anibalcastillo650s
First 150 of 285 actions detected
| 0:07 | Create | Villager (Male) |
| 0:07 | Create | Villager (Male) |
| 0:07 | Create | Villager (Male) |
| 0:07 | Create | Villager (Male) |
| 0:08 | Create | Villager (Male) |
| 0:09 | Build | House |
| 0:10 | Build | House |
| 1:22 | Create | Villager (Male) |
| 1:22 | Create | Villager (Male) |
| 1:51 | Create | Villager (Male) |
| 1:51 | Create | Villager (Male) |
| 2:20 | Create | Villager (Male) |
| 2:20 | Create | Villager (Male) |
| 2:46 | Create | Villager (Male) |
| 3:02 | Create | Villager (Male) |
| 3:08 | Build | House |
| 3:48 | Create | Villager (Male) |
| 3:49 | Create | Villager (Male) |
| 3:49 | Create | Villager (Male) |
| 3:54 | Build | House |
| 4:15 | Create | Villager (Male) |
| 4:29 | Create | Villager (Male) |
| 4:30 | Create | Villager (Male) |
| 4:36 | Build | Mill |
| 4:55 | Create | Villager (Male) |
| 4:56 | Create | Villager (Male) |
| 5:16 | Create | Villager (Male) |
| 5:20 | Create | Villager (Male) |
| 5:21 | Create | Villager (Male) |
| 6:39 | Build | Farm |
| 6:48 | Build | Farm |
| 7:23 | Build | Lumber Camp |
| 8:01 | Research | Feudal Age |
| 8:45 | Create | Villager (Male) |
| 9:08 | Build | Mining Camp |
| 9:19 | Create | Villager (Male) |
| 10:03 | Build | House |
| 10:11 | Age | Feudal Age |
| 10:30 | Create | Villager (Male) |
| 10:39 | Build | Market |
| 11:13 | Create | Villager (Male) |
| 11:26 | Build | Mining Camp |
| 11:36 | Create | Villager (Male) |
| 12:05 | Create | Villager (Male) |
| 12:31 | Build | Blacksmith |
| 12:34 | Create | Villager (Male) |
| 12:48 | Build | House |
| 13:22 | Research | Castle Age |
| 14:10 | Build | Town Center |
| 14:13 | Create | Villager (Male) |
| 14:51 | Create | Villager (Male) |
| 15:11 | Create | Villager (Male) |
| 15:41 | Create | Villager (Male) |
| 15:42 | Create | Villager (Male) |
| 15:42 | Create | Villager (Male) |
| 16:02 | Age | Castle Age |
| 16:07 | Build | Siege Workshop |
| 16:10 | Create | Villager (Male) |
| 16:21 | Create | Villager (Male) |
| 16:22 | Research | Double-Bit Axe |
| 16:45 | Build | Farm |
| 17:01 | Create | Villager (Male) |
| 17:02 | Create | Villager (Male) |
| 17:17 | Create | Battering Ram |
| 17:17 | Create | Battering Ram |
| 17:22 | Create | Villager (Male) |
| 17:29 | Build | Farm |
| 17:36 | Build | Farm |
| 17:39 | Create | Villager (Male) |
| 17:47 | Build | Farm |
| 17:53 | Research | Loom |
| 18:05 | Create | Battering Ram |
| 18:06 | Create | Battering Ram |
| 18:07 | Create | Villager (Male) |
| 18:08 | Create | Villager (Male) |
| 18:33 | Build | House |
| 18:34 | Create | Villager (Male) |
| 18:34 | Create | Villager (Male) |
| 18:42 | Build | Farm |
| 18:43 | Build | Farm |
| 18:55 | Create | Villager (Male) |
| 19:26 | Create | Villager (Male) |
| 19:26 | Create | Villager (Male) |
| 19:35 | Build | Farm |
| 19:37 | Build | Farm |
| 19:43 | Build | Farm |
| 19:46 | Build | Farm |
| 19:47 | Build | Farm |
| 19:58 | Research | Capped Ram (upgrade) |
| 20:28 | Create | Villager (Male) |
| 20:28 | Create | Villager (Male) |
| 20:46 | Create | Villager (Male) |
| 20:46 | Create | Villager (Male) |
| 20:47 | Create | Villager (Male) |
| 20:47 | Create | Villager (Male) |
| 20:47 | Create | Villager (Male) |
| 20:47 | Create | Villager (Male) |
| 20:48 | Create | Villager (Male) |
| 21:13 | Create | Villager (Male) |
| 21:13 | Create | Villager (Male) |
| 21:14 | Create | Villager (Male) |
| 21:19 | Build | Farm |
| 21:20 | Build | Farm |
| 21:24 | Build | House |
| 21:25 | Build | House |
| 21:33 | Research | Town Watch |
| 21:37 | Research | Horse Collar |
| 21:44 | Build | Town Center |
| 21:53 | Create | Villager (Male) |
| 21:53 | Create | Villager (Male) |
| 21:53 | Create | Villager (Male) |
| 22:00 | Build | Farm |
| 22:01 | Build | Farm |
| 22:05 | Build | Farm |
| 22:06 | Create | Villager (Male) |
| 22:06 | Create | Villager (Male) |
| 22:07 | Create | Villager (Male) |
| 22:16 | Create | Battering Ram |
| 22:17 | Create | Villager (Male) |
| 22:17 | Create | Villager (Male) |
| 22:22 | Build | Farm |
| 22:39 | Build | House |
| 22:40 | Build | House |
| 22:41 | Create | Villager (Male) |
| 22:41 | Create | Villager (Male) |
| 22:51 | Create | Villager (Male) |
| 22:51 | Create | Villager (Male) |
| 23:45 | Create | Villager (Male) |
| 23:46 | Create | Villager (Male) |
| 23:46 | Create | Villager (Male) |
| 23:46 | Create | Villager (Male) |
| 23:49 | Create | Battering Ram |
| 23:49 | Create | Villager (Male) |
| 23:50 | Create | Villager (Male) |
| 23:50 | Create | Villager (Male) |
| 24:01 | Create | Villager (Male) |
| 24:01 | Create | Villager (Male) |
| 24:01 | Create | Villager (Male) |
| 24:08 | Build | Farm |
| 24:09 | Build | Farm |
| 24:10 | Build | Farm |
| 24:12 | Build | Farm |
| 24:49 | Create | Battering Ram |
| 25:00 | Build | Castle |
| 25:08 | Create | Battering Ram |
| 25:39 | Build | Palisade Gate |
| 25:41 | Create | Mangonel |
| 25:46 | Research | Fletching |
| 25:46 | Create | Villager (Male) |
| 25:46 | Create | Villager (Male) |
Build order — 1979Old-Wang
First 150 of 257 actions detected
| 0:02 | Build | House |
| 0:03 | Build | House |
| 0:05 | Create | Villager (Male) |
| 0:05 | Create | Villager (Male) |
| 0:06 | Create | Villager (Male) |
| 0:06 | Create | Villager (Male) |
| 0:18 | Research | Loom |
| 1:53 | Build | House |
| 1:54 | Create | Villager (Male) |
| 1:55 | Create | Villager (Male) |
| 2:05 | Create | Villager (Male) |
| 2:06 | Create | Villager (Male) |
| 2:25 | Create | Villager (Male) |
| 2:25 | Create | Villager (Male) |
| 2:58 | Create | Villager (Male) |
| 3:42 | Create | Villager (Male) |
| 3:42 | Create | Villager (Male) |
| 4:13 | Create | Villager (Male) |
| 4:14 | Create | Villager (Male) |
| 4:14 | Create | Villager (Male) |
| 4:14 | Create | Villager (Male) |
| 4:14 | Create | Villager (Male) |
| 5:10 | Create | Villager (Male) |
| 5:36 | Build | Barracks |
| 6:12 | Build | Lumber Camp |
| 6:23 | Create | Villager (Male) |
| 6:40 | Build | House |
| 6:49 | Create | Villager (Male) |
| 7:20 | Create | Villager (Male) |
| 7:57 | Research | Feudal Age |
| 8:13 | Create | Militia |
| 8:34 | Create | Militia |
| 9:10 | Build | Mining Camp |
| 9:31 | Build | House |
| 10:02 | Build | Mill |
| 10:07 | Age | Feudal Age |
| 10:23 | Research | Man-at-Arms (upgrade) |
| 10:40 | Create | Militia |
| 10:55 | Create | Villager (Male) |
| 10:58 | Research | Double-Bit Axe |
| 11:04 | Create | Militia |
| 11:06 | Create | Militia |
| 11:13 | Build | House |
| 11:31 | Create | Villager (Male) |
| 11:32 | Create | Villager (Male) |
| 11:45 | Build | Farm |
| 11:47 | Build | Farm |
| 12:09 | Create | Villager (Male) |
| 12:09 | Create | Villager (Male) |
| 12:13 | Create | Villager (Male) |
| 12:14 | Create | Villager (Male) |
| 12:38 | Build | Farm |
| 12:40 | Build | Lumber Camp |
| 12:48 | Create | Villager (Male) |
| 12:48 | Create | Villager (Male) |
| 13:24 | Create | Villager (Male) |
| 13:25 | Create | Villager (Male) |
| 13:25 | Create | Villager (Male) |
| 13:25 | Create | Villager (Male) |
| 14:04 | Build | Market |
| 14:18 | Build | House |
| 14:34 | Create | Villager (Male) |
| 14:34 | Create | Villager (Male) |
| 14:41 | Build | Farm |
| 14:57 | Build | Blacksmith |
| 15:07 | Build | Farm |
| 15:09 | Create | Villager (Male) |
| 15:33 | Build | Farm |
| 15:38 | Create | Villager (Male) |
| 15:49 | Build | House |
| 15:50 | Build | House |
| 15:56 | Build | Farm |
| 15:58 | Create | Villager (Male) |
| 16:10 | Build | Farm |
| 16:12 | Build | Farm |
| 16:14 | Build | Farm |
| 16:24 | Build | Farm |
| 16:29 | Create | Villager (Male) |
| 16:55 | Build | Mining Camp |
| 17:06 | Build | Farm |
| 17:17 | Research | Castle Age |
| 17:37 | Research | Stone Mining |
| 17:53 | Research | Horse Collar |
| 18:46 | Research | Gold Mining |
| 19:42 | Research | Wheelbarrow |
| 19:57 | Age | Castle Age |
| 20:02 | Build | Town Center |
| 20:13 | Research | Bow Saw |
| 20:19 | Research | Gold Shaft Mining |
| 20:58 | Research | Long Swordsman (upgrade) |
| 21:13 | Create | Villager (Male) |
| 21:15 | Create | Villager (Male) |
| 21:32 | Create | Villager (Male) |
| 21:32 | Create | Villager (Male) |
| 22:09 | Create | Villager (Male) |
| 22:09 | Create | Villager (Male) |
| 22:10 | Create | Villager (Male) |
| 22:11 | Create | Villager (Male) |
| 22:53 | Build | Farm |
| 22:54 | Build | Farm |
| 22:55 | Create | Villager (Male) |
| 22:56 | Create | Villager (Male) |
| 22:58 | Create | Villager (Male) |
| 23:21 | Create | Villager (Male) |
| 23:55 | Build | Castle |
| 24:06 | Create | Villager (Male) |
| 24:21 | Build | Barracks |
| 24:21 | Build | Barracks |
| 24:24 | Create | Villager (Male) |
| 24:26 | Create | Villager (Male) |
| 24:40 | Build | Farm |
| 24:44 | Create | Villager (Male) |
| 24:45 | Create | Villager (Male) |
| 24:55 | Build | Farm |
| 24:59 | Research | Scale Mail Armor |
| 25:05 | Create | Militia |
| 25:06 | Create | Militia |
| 25:09 | Research | Squires |
| 25:14 | Build | Siege Workshop |
| 25:27 | Create | Militia |
| 25:28 | Create | Militia |
| 25:31 | Build | Farm |
| 25:36 | Build | Farm |
| 25:39 | Build | Farm |
| 25:39 | Create | Villager (Male) |
| 25:42 | Create | Militia |
| 25:44 | Create | Militia |
| 25:46 | Create | Militia |
| 25:55 | Create | Battering Ram |
| 26:02 | Build | Mining Camp |
| 26:10 | Build | Farm |
| 26:12 | Create | Militia |
| 26:12 | Create | Militia |
| 26:13 | Create | Militia |
| 26:14 | Create | Militia |
| 26:27 | Create | Villager (Male) |
| 26:30 | Create | Villager (Male) |
| 26:31 | Create | Villager (Male) |
| 26:38 | Build | Lumber Camp |
| 26:40 | Build | Lumber Camp |
| 27:01 | Create | Mangonel |
| 27:20 | Build | Farm |
| 27:21 | Create | Villager (Male) |
| 27:21 | Create | Villager (Male) |
| 27:24 | Research | Chain Mail Armor |
| 27:26 | Build | Farm |
| 27:27 | Create | Villager (Male) |
| 27:41 | Create | Mangonel |
| 27:45 | Create | Militia |
| 27:46 | Create | Militia |
Match timeline
| 5:36 | 1979Old-Wang · first_building Barracks |
| 8:00 | LifeIsAFxckingMovie人生如戲呀佢同我講吊你老母 · first_building Barracks |
| 10:07 | 1979Old-Wang · age_up feudal |
| 10:11 | anibalcastillo650s · age_up feudal |
| 10:34 | TinFit · age_up feudal |
| 11:37 | maximefufer · age_up feudal |
| 12:37 | Barça · age_up feudal |
| 13:24 | TinFit · age_up castle |
| 13:32 | LifeIsAFxckingMovie人生如戲呀佢同我講吊你老母 · age_up feudal |
| 13:46 | LifeIsAFxckingMovie人生如戲呀佢同我講吊你老母 · first_building Archery Range |
| 13:58 | anibalcastillo650s · first_market_sell 100 stone |
| 13:59 | anibalcastillo650s · first_market_buy 100 wood |
| 14:48 | maximefufer · age_up castle |
| 15:21 | Barça · age_up castle |
| 16:02 | anibalcastillo650s · age_up castle |
| 16:07 | anibalcastillo650s · first_building Siege Workshop |
| 17:10 | 1979Old-Wang · first_market_buy 100 food |
| 17:49 | TinFit · first_building Monastery |
| 19:57 | 1979Old-Wang · age_up castle |
| 21:14 | LifeIsAFxckingMovie人生如戲呀佢同我講吊你老母 · age_up castle |
| 21:14 | LifeIsAFxckingMovie人生如戲呀佢同我講吊你老母 · first_building Castle |
| 23:51 | maximefufer · first_building Barracks |
| 23:55 | 1979Old-Wang · first_building Castle |
| 24:23 | Barça · first_building Stable |
| 24:38 | maximefufer · first_market_sell 100 food |
| 24:38 | maximefufer · first_market_buy 100 stone |
| 24:58 | TinFit · first_building Stable |
| 25:00 | anibalcastillo650s · first_building Castle |
| 25:14 | 1979Old-Wang · first_building Siege Workshop |
| 26:44 | maximefufer · wall_segment Palisade Wall x4 |
| 28:01 | TinFit · first_building Castle |
| 28:12 | Barça · age_up imperial |
| 28:41 | Barça · first_building Castle |
| 28:44 | LifeIsAFxckingMovie人生如戲呀佢同我講吊你老母 · first_market_buy 100 food |
| 29:05 | TinFit · age_up imperial |
| 29:56 | 1979Old-Wang · first_building Monastery |
| 30:10 | LifeIsAFxckingMovie人生如戲呀佢同我講吊你老母 · wall_segment Stone Wall x5 |
| 31:32 | anibalcastillo650s · first_building Barracks |
| 32:21 | anibalcastillo650s · first_building Stable |
| 32:44 | maximefufer · wall_segment Stone Wall x5 |
| 32:55 | maximefufer · wall_segment Stone Wall x5 |
| 33:29 | anibalcastillo650s · age_up imperial |
| 34:19 | 1979Old-Wang · age_up imperial |
| 34:20 | maximefufer · first_building Stable |
| 34:22 | anibalcastillo650s · first_building Archery Range |
| 35:51 | LifeIsAFxckingMovie人生如戲呀佢同我講吊你老母 · first_building Monastery |
| 35:55 | maximefufer · first_building Monastery |
| 37:12 | Barça · resign |
| 38:08 | maximefufer · first_building Castle |
[ AI ANALYSIS · 1 CREDIT ]
What really happened in this match?
Wolo.gg analyzes every decision: build order, eco, micro, common mistakes by bracket. Personalized analysis on WhatsApp or Discord in 30 seconds.
Civ guide
Tupi
Map guide
Arena
Perfil
Jugador #207074